AoeStats
← gulu gulu

Arena

508245909Analyzed
4v4 RM · 27d ago on Sep 21, 2026· 62m 59s· 8 players
Game mode
Random Map
Map size
Large (8 player)
Population
200
Speed
Normal
Resources
Standard
Victory
Conquest
Starting age
Dark Age
Ending age
Imperial Age
RankedLock teamsTeams togetherTeam positionsShared explorationLock speedFull tech treeHidden civsTurbo modeCheats
Victory
Defeat
🇪🇸 Khmer · Spain
1041
+15
🇳🇱 Goths · Netherlands
1001
+17
🇩🇪 Dravidians · Germany
966
+18
🇧🇷 Bohemians · Brazil
954
+19
vs
🇭🇰 Celts · Hong Kong SAR China
1113
-21
🇻🇳 Franks · Vietnam
1006
-17
🇬🇧 Turks · United Kingdom
975
-16
🇻🇳 Celts · Vietnam
974
-15
Mario
5:42 Loom
12:43 Feudal Age
13:22 Double-Bit Axe
13:59 Man-at-Arms
16:56 Castle Age
14:56 Man-at-Arms
25:15 Bow Saw
24:49 Horse Collar
27:07 Gold Mining
28:22 Heavy Plow
33:01 Imperial Age
31:17 Wheelbarrow
31:45 Fletching
33:36 Padded Archer Armor
34:48 Elite Skirmisher
37:57 Bodkin Arrow
ToGodd
11:20 Feudal Age
14:37 Castle Age
13:23 Double-Bit Axe
15:50 Forging
17:15 Loom
17:11 Horse Collar
19:34 Husbandry
20:36 Wheelbarrow
20:01 Town Watch
21:36 Scale Barding Armor
22:13 Bloodlines
26:45 Gold Mining
27:10 Bow Saw
29:42 Imperial Age
27:46 Light Cavalry
28:19 Fletching
29:05 Iron Casting
28:51 Stone Mining
29:10 Heavy Plow
29:34 Ballistics
30:32 Hand Cart
30:19 Town Patrol
34:39 Chemistry
34:12 Crop Rotation
34:21 Gold Shaft Mining
34:23 Stone Shaft Mining
34:43 Double Crossbow
34:59 Bodkin Arrow
37:04 Siege Engineers
37:12 Fortified Wall
38:33 Blast Furnace
37:34 Scale Mail Armor
37:41 Pikeman
38:34 Bracer
40:01 Murder Holes
40:18 Masonry
40:08 Elite Ballista Elephant
40:39 Halberdier
43:39 Chain Mail Armor
44:16 Heavy Scorpion
45:34 Chain Barding Armor
45:37 Hussar
49:07 Cavalier
50:53 Plate Barding Armor
50:58 Hoardings
50:47 Conscription
50:28 Tusk Swords
Sphere Of Light
5:32 Loom
11:09 Feudal Age
16:47 Castle Age
14:34 Horse Collar
15:51 Double-Bit Axe
21:10 Bow Saw
22:23 Wheelbarrow
27:00 Gold Mining
32:18 Imperial Age
29:52 Padded Archer Armor
30:00 Heavy Plow
30:02 Fletching
30:26 Fortified Wall
30:43 Ballistics
31:58 Town Watch
32:09 Bodkin Arrow
32:34 Medical Corps
32:18 Pikeman
33:00 Squires
33:03 Scale Mail Armor
33:13 Forging
33:29 Thumb Ring
33:33 Bracer
32:57 Elite Skirmisher
33:59 Scale Barding Armor
34:07 Forging
35:45 Chemistry
34:18 Elite Elephant Archer
36:14 Iron Casting
36:36 Conscription
36:02 Halberdier
37:02 Leather Archer Armor
38:11 Chain Mail Armor
39:20 Ring Archer Armor
41:34 Blast Furnace
40:23 Arson
41:34 Plate Mail Armor
41:48 Fortified Wall
41:07 Light Cavalry
43:52 Husbandry
43:17 Man-at-Arms
43:42 Gambesons
44:22 Murder Holes
44:48 Bombard Tower
44:52 Masonry
44:35 Stone Mining
45:18 Scale Barding Armor
45:14 Long Swordsman
46:13 Two-Handed Swordsman
48:41 Two-Man Saw
49:16 Wootz Steel
49:58 Arrowslits
49:55 Champion
51:06 Guilds
51:07 Siege Elephant
51:48 Elite Urumi Swordsman
53:35 Chain Barding Armor
54:21 Siege Elephant
56:06 Hand Cart
60:57 Coinage
62:43 Town Patrol
NeverArabia
10:54 Feudal Age
17:07 Castle Age
15:02 Double-Bit Axe
15:40 Loom
17:05 Horse Collar
18:38 Heavy Plow
19:03 Fervor
20:52 Chemistry
26:57 Wheelbarrow
29:15 Hand Cart
34:00 Imperial Age
31:29 Treadmill Crane
32:48 Bow Saw
34:51 Siege Engineers
34:21 Houfnice
35:39 Conscription
35:31 Wagenburg Tactics
36:28 Fletching
41:27 Hussite Reforms
41:42 Conscription
41:48 Elite Hussite Wagon
43:50 Forging
43:40 Scale Mail Armor
43:03 Pikeman
43:44 Squires
43:29 Arson
43:59 Halberdier
45:36 Iron Casting
45:52 Chain Mail Armor
48:15 Blast Furnace
51:04 Caravan
55:04 Plate Mail Armor
56:31 Town Watch
58:58 Town Patrol
59:58 Bodkin Arrow
little4
9:36 Loom
12:15 Feudal Age
16:03 Castle Age
14:31 Double-Bit Axe
15:16 Gold Mining
16:10 Wheelbarrow
16:22 Horse Collar
18:48 Gold Shaft Mining
22:55 Fortified Wall
28:33 Forging
28:36 Scale Mail Armor
34:51 Heavy Plow
37:07 Chain Mail Armor
37:03 Forging
36:47 Pikeman
38:11 Gambesons
39:55 Forging
44:54 Imperial Age
43:34 Iron Casting
43:20 Stone Mining
44:21 Hand Cart
44:28 Arson
45:14 Halberdier
45:32 Capped Ram
47:02 Onager
50:07 Siege Onager
56:49 Furor Celtica
62:26 Siege Engineers
gulu gulu
8:49 Loom
11:34 Feudal Age
12:59 Wheelbarrow
20:13 Castle Age
18:34 Double-Bit Axe
18:31 Horse Collar
19:04 Stone Mining
19:19 Gold Mining
22:42 Heavy Plow
28:20 Hand Cart
28:57 Bow Saw
30:20 Gold Shaft Mining
30:22 Stone Shaft Mining
29:59 Town Watch
33:57 Imperial Age
33:04 Town Patrol
34:02 Onager
34:07 Heavy Scorpion
35:18 Forging
35:08 Scale Mail Armor
36:13 Chemistry
35:33 Ballistics
36:06 Conscription
36:43 Siege Engineers
36:21 Treadmill Crane
38:14 Pikeman
38:40 Arson
39:44 Siege Onager
41:02 Fortified Wall
42:47 Furor Celtica
42:38 Capped Ram
56:41 Iron Casting
56:12 Scale Barding Armor
58:11 Siege Ram
Lamlam
10:42 Feudal Age
14:32 Castle Age
13:30 Double-Bit Axe
14:53 Horse Collar
20:41 Wheelbarrow
20:01 Gold Mining
22:47 Imperial Age
20:55 Fortified Wall
26:19 Padded Archer Armor
26:36 Bow Saw
27:57 Heavy Plow
29:04 Leather Archer Armor
31:26 Two-Man Saw
36:24 Bloodlines
35:36 Heavy Camel Rider
37:12 Husbandry
38:16 Wheelbarrow
37:48 Scale Barding Armor
37:54 Forging
38:15 Ring Archer Armor
38:26 Gold Shaft Mining
42:13 Chain Barding Armor
42:29 Iron Casting
43:28 Husbandry
44:55 Hand Cart
44:26 Loom
44:27 Town Watch
48:57 Masonry
49:08 Ballistics
51:44 Conscription
51:28 Artillery
52:41 Elite Janissary
56:08 Conscription
61:12 Stone Mining
zckaz123
10:48 Feudal Age
12:59 Double-Bit Axe
15:30 Castle Age
17:20 Wheelbarrow
17:54 Bow Saw
23:55 Gold Mining
23:59 Stone Mining
25:38 Hand Cart
25:45 Forging
25:40 Scale Barding Armor
29:33 Imperial Age
27:51 Gold Shaft Mining
27:56 Iron Casting
28:07 Chain Barding Armor
27:53 Husbandry
29:45 Cavalier
31:28 Blast Furnace
31:03 Plate Barding Armor
31:52 #83
31:28 Paladin
32:30 Chivalry
49:50 Elite Throwing Axeman
50:52 #83
50:38 Padded Archer Armor
50:29 Fletching
53:46 Bodkin Arrow
56:05 Leather Archer Armor
Connection lost

Rejoining the realm…

Still unreachable

The connection could not be restored.

Session expired

The server has moved on; the page needs a fresh start.